 Dungeon Crawl Stone Soup version 0.28.0-43-g3370ac3207 (webtiles) character file.

Game seed: 11523766544520971428

10357 boopmooplesden the Cleaver (level 11, -2/97 HPs)
             Began as a Minotaur Fighter on Mar 20, 2022.
             Was a Believer of Trog.
             Killed by divine providence
             ... invoked by a smoke demon
              (13 damage)
             ... on level 11 of the Dungeon.
             The game lasted 00:13:40 (12257 turns).

boopmooplesden the Cleaver (Minotaur Fighter)      Turns: 12257, Time: 00:13:42

Health: -2/97      AC: 18    Str: 29    XL:     11   Next: 35%
Magic:  10/10      EV:  9    Int:  5    God:    Trog [**....]
Gold:   834        SH:  6    Dex: 12    Spells: 10/10 levels left

rFire   + + .      SeeInvis +   m - +3 hand axe "Zoiseila" {venom, rElec rF++ Str+6}
rCold   . . .      Faith    .   c - +0 buckler
rNeg    . . .      Spirit   .   v - +0 plate armour
rPois   .          Reflect  .   l - +2 hat {SInv}
rElec   +          Harm     .   K - +0 cloak
rCorr   .          Rampage  .   (no gloves)
Will    .....                   (no boots)
Stlth   ..........              (no amulet)
HPRegen 0.26/turn               (no ring)
MPRegen 0.12/turn               (no ring)

@: about to teleport, on berserk cooldown, slowed, very slow
A: horns 2, retaliatory headbutt
a: Renounce Religion, Berserk, Trog's Hand


You were on level 11 of the Dungeon.
You worshipped Trog.
Trog was pleased with you.
You visited 2 branches of the dungeon, and saw 12 of its levels.

You collected 834 gold pieces.

Inventory:

Hand Weapons
 a - a +1 spectral long sword
 m - the +3 hand axe "Zoiseila" (weapon) {venom, rElec rF++ Str+6}
   (You found it on level 4 of the Dungeon)

   It poisons the flesh of those it strikes.
   Str:       It affects your strength (+6).
   rF:        It greatly protects you from fire.
   rElec:     It insulates you from electricity.
Armour
 c - a +0 buckler (worn)
 l - a +2 hat of see invisible (worn)
 v - a +0 plate armour (worn)
 K - a +0 cloak (worn)
Jewellery
 b - a ring of resist corrosion
 s - a ring of willpower
 w - a +6 ring of dexterity
 D - a ring of ice
 I - an amulet of magic regeneration
Wands
 A - a wand of flame (20)
 H - a wand of digging (6)
Scrolls
 e - a scroll of noise
 f - 2 scrolls of blinking
 g - 2 scrolls of brand weapon
 k - a scroll of fog
 r - 2 scrolls of teleportation
 t - a scroll of enchant weapon
 u - 2 scrolls of magic mapping
 y - a scroll of vulnerability
 E - 2 scrolls of silence
 L - a scroll of enchant armour
Potions
 d - a potion of might
 h - a potion of berserk rage {unknown}
 i - a potion of attraction {unknown}
 j - 6 potions of lignification
 n - 3 potions of magic
 o - 2 potions of flight {unknown}
 p - 2 potions of cancellation
 x - a potion of invisibility {unknown}
 B - a potion of ambrosia {unknown}
 C - a potion of brilliance {unknown}
 F - 3 potions of curing
 G - a potion of mutation {unknown}
 J - a potion of heal wounds {unknown}
Miscellaneous
 q - a condenser vane


   Skills:
 + Level 9.2 Fighting
 + Level 6.0 Long Blades
 + Level 13.2 Axes
 + Level 11.1 Armour
 + Level 3.8 Dodging
 + Level 1.4 Stealth
 + Level 7.9 Shields


You had 10 spell levels left.
You didn't know any spells.
Your spell library contained the following spells:

 Spells                   Type           Power      Damage    Failure   Level
 Slow                     Hex            0%         N/A       99%         1
 Confusing Touch          Hex            0%         N/A       100%        3
 Gell's Gravitas          Tloc           0%         N/A       100%        3
 Lesser Beckoning         Tloc           0%         N/A       100%        3
 Teleport Other           Tloc           0%         N/A       100%        3
 Vampiric Draining        Necr           0%         2d6       100%        3
 Malign Gateway           Summ/Tloc      0%         N/A       100%        7
 Summon Horrible Things   Summ           0%         N/A       100%        8


Dungeon Overview and Level Annotations

Branches:
Dungeon (11/15)            Temple (1/1) D:6            Lair (0/6) D:8
    Orc: D:9-12

Altars:
Ashenzari
Cheibriados
Dithmenos
Elyvilon
Fedhas
Hepliaklqana
Kikubaaqudgha
Makhleb
Nemelex Xobeh
Okawaru
Qazlal
Ru
Sif Muna
Trog
Uskayaw
Vehumet
Wu Jian
Xom
Yredelemnul
Zin
Jiyva

Shops:
D:11 [

Annotations:
D:4 2 runed translucent doors
D:7 3 runed translucent doors, DemonSlayer's ghost, novice FeCj


Innate Abilities, Weirdness & Mutations

You have a pair of horns on your head.
You reflexively headbutt those who attack you in melee.


Message History

You slice the fire dragon!!
You kill the fire dragon!
Trog accepts your kill.
The fire dragon scales are intact enough to wear.
The gargoyle hurls a stone arrow at you.
The stone arrow misses you.
You are no longer berserk.
You are exhausted.
You feel yourself slow down. The fire elemental hits you.
The fire elemental burns you! You resist.
The smoke demon is engulfed in blazing flames.
Things that are here:
+0 fire dragon scales; a fire dragon corpse The smoke demon is engulfed in blazing flames. x2
The fire elemental hits you. The fire elemental burns you! You resist.
You closely miss the fire elemental. You headbutt the fire elemental!
The fire elemental is almost destroyed.
The smoke demon is engulfed in blazing flames.
You block the fire elemental's attack.
You slash the fire elemental!
You destroy the fire elemental!
Trog accepts your kill.
The smoke demon is engulfed in blazing flames.
The smoke demon gestures at you. You block the sticky flame.
You hit the gargoyle but do no damage.
The gargoyle is lightly damaged.
The smoke demon is engulfed in blazing flames.
The smoke demon gestures at you. Something smites you!
The gargoyle hits you with a +0 dire flail!
* * * LOW HITPOINT WARNING * * *
Okay, then.
As you read the scroll of teleportation, it crumbles to dust.
You feel strangely unstable.
The gargoyle hits you with a +0 dire flail!
* * * LOW HITPOINT WARNING * * *
The smoke demon gestures at you. Something smites you!
You die...

#.............##.###..####
#...#........(##.# #..#
#.#.†.#.........##.###..#
#.#...#..............#..#
#.#.†<#.........####....#
##.
#.#)..###.......#..#....#
#... #.#...#
####.##.#..#.#.## #...
#.#..## #.#.†##3#.#.# #...
#.#..# # #..@93..#.##..# .
†....# #..####...#...#...
#.#### ##.....#..#○°§3.#○
.... ....##.#9.°°8...|#
#...# ###.##.#..#...○°#)
###.# .......#...#... ..
.......##..# . ...
#..###..# #... #.. #..
#... #...


You could see 2 smoke demons and a gargoyle.

Vanquished Creatures
  A fire dragon (D:11)
  A cyclops (D:11)
  Joseph (D:10)
  A guardian serpent (D:11)
  Maggie (D:6)
  2 trolls
  Grinder (D:6)
  A hornet (D:8)
  Sigmund (D:6)
  2 wyverns
  4 fire elementals (D:11)
  6 yaks
  7 vampire mosquitoes
  4 water moccasins
  An acid dragon (D:9)
  2 hornet zombies (D:7)
  4 orc warriors
  An ice beast (D:5)
  2 black bears (D:8)
  2 necrophages
  3 centaurs
  A phantom (D:5)
  3 kobold brigands
  9 bullfrogs
  2 gnoll sergeants (D:8)
  A scorpion (D:6)
  A water moccasin skeleton (D:4)
  11 killer bees
  5 wights
  3 howler monkeys
  A centaur zombie (D:6)
  3 jellies
  2 gnoll shamans
  2 bullfrog zombies
  3 orc priests
  2 bullfrog skeletons
  3 hounds
  Jessica (D:3)
  A centaur skeleton (D:6)
  7 orc wizards
  6 iguanas
  A killer bee zombie (D:5)
  A hound skeleton (D:4)
  19 gnolls
  10 adders
  A howler monkey skeleton (D:7)
  A white imp (D:7)
  2 adder skeletons
  6 worms
  2 dart slugs
  21 orcs
  6 bats
  6 endoplasms
  4 giant cockroaches
  9 goblins
  8 hobgoblins
  5 jackals
  21 kobolds
  10 quokkas
  11 ball pythons
  6 frilled lizards
  A quokka skeleton (D:4)
  4 rats
270 creatures vanquished.

Vanquished Creatures (others)
  47 fungi (D:8)
  34 plants
81 creatures vanquished.

Grand Total: 351 creatures vanquished

Notes
Turn   | Place    | Note
-------+----------+-------------------------------------------
     0 | D:1      | boopmooplesden the Minotaur Fighter began the quest for the
                  | Orb.
     0 | D:1      | Reached XP level 1. HP: 19/19 MP: 0/0
   187 | D:1      | Reached XP level 2. HP: 24/27 MP: 1/1
   755 | D:1      | Found a faded altar of an unknown god.
   904 | D:1      | Reached XP level 3. HP: 31/33 MP: 2/2
  1665 | D:2      | Found an ancient bone altar of Kikubaaqudgha.
  1883 | D:2      | Reached XP level 4. HP: 40/41 MP: 3/3
  2165 | D:3      | Reached skill level 1 in Dodging
  2168 | D:3      | Reached XP level 5. HP: 41/47 MP: 4/4
  2490 | D:3      | Noticed Jessica
  2493 | D:3      | Killed Jessica
  2929 | D:3      | Reached skill level 5 in Armour
  3316 | D:4      | Reached skill level 5 in Long Blades
  3316 | D:4      | Reached XP level 6. HP: 40/53 MP: 5/5
  3528 | D:4      | Found a large runed translucent door.
  3529 | D:4      | Found a large runed translucent door.
  3545 | D:4      | Found a large runed translucent door.
  3545 | D:4      | Found a large runed translucent door.
  3960 | D:4      | Reached skill level 5 in Fighting
  3992 | D:4      | Identified the +3 hand axe "Zoiseila" {venom, rElec rF++
                  | Str+6}
  4183 | D:4      | Noticed a wyvern
  4195 | D:4      | Killed a wyvern
  4196 | D:4      | Reached XP level 7. HP: 5/61 MP: 6/6
  4198 | D:4      | HP: 1/61 [bullfrog skeleton (4)]
  4202 | D:4      | Reached skill level 5 in Shields
  4664 | D:5      | Entered Level 5 of the Dungeon
  4733 | D:5      | Reached skill level 1 in Axes
  4858 | D:5      | Reached skill level 2 in Axes
  5043 | D:5      | Reached skill level 3 in Axes
  5094 | D:5      | Found a basalt altar of Yredelemnul.
  5094 | D:5      | Found a hide-covered altar of Uskayaw.
  5129 | D:5      | Reached XP level 8. HP: 67/69 MP: 7/7
  5318 | D:5      | Reached skill level 4 in Axes
  5585 | D:6      | Found a shimmering blue altar of Sif Muna.
  6000 | D:6      | Noticed Grinder
  6001 | D:6      | Paralysed by Grinder for 5 turns
  6020 | D:6      | Killed Grinder
  6021 | D:6      | Reached skill level 5 in Axes
  6021 | D:6      | Reached skill level 1 in Stealth
  6182 | D:6      | Found a staircase to the Ecumenical Temple.
  6440 | D:7      | Reached skill level 6 in Axes
  6609 | D:7      | Found a runed translucent gate.
  6610 | D:7      | Found a runed translucent gate.
  6611 | D:7      | Noticed DemonSlayer's ghost (novice FeCj)
  6612 | D:7      | Found a runed translucent gate.
  6715 | D:7      | Found a stormy altar of Qazlal.
  6923 | D:7      | Reached XP level 9. HP: 71/78 MP: 8/8
  6991 | D:7      | Reached skill level 7 in Axes
  7365 | Temple   | Entered the Ecumenical Temple
  7481 | Temple   | Became a worshipper of Trog the Wrathful
  7600 | D:6      | Found a white marble altar of Elyvilon.
  7685 | D:6      | Reached skill level 8 in Axes
  7739 | D:6      | Noticed Sigmund
  7752 | D:6      | Killed Sigmund
  7795 | D:6      | Noticed Maggie
  7809 | D:6      | Killed Maggie
  8197 | D:8      | Reached skill level 9 in Axes
  8238 | D:8      | Reached skill level 10 in Axes
  8251 | D:8      | Reached XP level 10. HP: 39/86 MP: 9/9
  8454 | D:8      | Found a staircase to the Lair.
  8464 | D:8      | Reached * piety under Trog
  9039 | D:8      | Found a burning altar of Makhleb.
  9202 | D:8      | Found a glowing silver altar of Zin.
  9552 | D:8      | Identified a scroll of acquirement
  9552 | D:8      | Acquired a +2 hat of see invisible
  9937 | D:9      | Found a radiant altar of Vehumet.
 10006 | D:9      | Reached skill level 11 in Axes
 10090 | D:9      | Reached ** piety under Trog
 11153 | D:10     | Entered Level 10 of the Dungeon
 11181 | D:10     | Reached skill level 12 in Axes
 11188 | D:10     | Reached skill level 10 in Armour
 11262 | D:10     | Noticed Joseph
 11277 | D:10     | Killed Joseph
 11427 | D:10     | Found a broken altar of Ashenzari.
 11545 | D:10     | Found a sacrificial altar of Ru.
 11732 | D:10     | Found a shadowy altar of Dithmenos.
 11846 | D:10     | Reached XP level 11. HP: 85/95 MP: 10/10
 12103 | D:11     | Found Domib's Antique Armour Shop.
 12171 | D:11     | Reached skill level 13 in Axes
 12219 | D:11     | Noticed a fire dragon
 12251 | D:11     | Killed a fire dragon
 12257 | D:11     | Killed from afar by a smoke demon

Illustrated notes

Levels and vault maps discovered:
D:1:      minmay_arrival_shoal_huts, layout_basic, ebering_ecumenical_altar_hall
D:2:      layout_loops_corners, basic_altar, st_stairs_9,
          kennysheep_flooded_box, minmay_misc_feat_encased,
          nicolae_grassy_gnolls
D:3:      layout_basic, corexii_item_surrounded_by_moat,
          kennysheep_generic_room_6, uniq_jessica
D:4:      layout_loops_ring, chequers_serial_rivers_marsh,
          minmay_hollow_rounded_squares
D:5:      layout_cave_pools, amethyst_overflow_temple_binary,
          kennysheep_decorative_pillar
D:6:      layout_basic, amcnicky_altar_gilded, elyvilon_altar_1,
          minmay_temple_entry_mist, uniq_sigmund, uniq_maggie, uniq_grinder
D:7:      layout_loops_ring, general_overflow_altar,
          gammafunk_ghost_nasty_kobolds, hangedman_abyss_or_decor_passed
D:8:      layout_loops_ring, zin_treasury, lemuel_round_altar,
          due_lair_maze_entry_diamond
D:9:      cheibrodos_helix_gallery, layout_basic, nicolae_vehumet_radiance,
          eino_tiny_chamber
D:10:     layout_roguey, mainiacjoe_overflow_small_starburst,
          hangedman_ru_absence, nicolae_dithmenos_the_darkroom, uniq_joseph
D:11:     minmay_firetagon, layout_basic, gauntlet_entry_generic, serial_shops,
          nicolae_diamond_shop, nicolae_stop_n_shop_1, nicolae_shop_stone,
          nrook_guardian_serpent_ordinary
Temple:   pf_slime_end_temple

Skill      XL: |  1  2  3  4  5  6  7  8  9 10 11 |
---------------+----------------------------------+-----
Fighting       | 4 5 6 7 8 9 |  9.2
Long Blades    | 3 4 5 6 |  6.0
Armour         | 4 5 6 8 9 10 11 | 11.1
Shields        | 4 5 6 7 |  7.9
Dodging        | 1 2 3 |  3.8
Axes           | 3 6 10 12 13 | 13.2
Stealth        | 1 |  1.4

Action                   |  1- 3 |  4- 6 |  7- 9 | 10-12 || total
-------------------------+-------+-------+-------+-------++-------
Melee: Long sword        |    86 |    83 |       |       ||   169
       Headbutt          |    15 |    18 |    57 |    51 ||   141
       Hand axe          |       |    21 |   258 |   276 ||   555
Invok: Berserk           |       |       |       |     4 ||     4
  Use: Scroll            |     4 |     5 |     1 |    10 ||    20
       Potion            |       |       |     1 |       ||     1
Armor: Scale mail        |    50 |    37 |    30 |       ||   117
       Plate armour      |       |       |    79 |   114 ||   193
Dodge: Dodged            |    41 |    47 |   135 |   108 ||   331
Block: Buckler           |    21 |    26 |    70 |    65 ||   182
